 Dungeon Crawl Stone Soup version 0.28.0 (webtiles) character file.

Game seed: 13020819495366183126

7 Colgate the Grave Robber (level 1, 0/13 HPs)
             Began as a Demonspawn Necromancer on Feb 15, 2022.
             Slain by a jackal (2 damage)
             ... on level 1 of the Dungeon.
             The game lasted 00:03:22 (533 turns).

Colgate the Grave Robber (Demonspawn Necromancer)    Turns: 533, Time: 00:03:23

Health: 0/13       AC:  2    Str:  8    XL:     1   Next: 83%
Magic:  0/3        EV: 12    Int: 16    God:
Gold:   0          SH:  0    Dex: 13    Spells: 2/4 levels left

rFire   . . .      SeeInvis .   f - +0 dagger
rCold   . . .      Faith    .   (no shield)
rNeg    . . .      Spirit   .   a - +0 robe
rPois   .          Reflect  .   (no helmet)
rElec   .          Harm     .   (no cloak)
rCorr   .          Rampage  .   (no gloves)
Will    .....                   (no boots)
Stlth   ++........              (no amulet)
HPRegen 0.04/turn               (no ring)
MPRegen 0.08/turn               (no ring)

@: no status effects
A: no striking features
a: no special abilities


You were on level 1 of the Dungeon.
You visited 1 branch of the dungeon, and saw 1 of its levels.

Inventory:

Hand Weapons
 f - a +0 dagger (weapon)
Missiles
 g - a stone
Armour
 a - a +0 robe (worn)
 e - a +0 leather armour
Scrolls
 h - a scroll of amnesia {unknown}
Potions
 b - a potion of curing {unknown}
 c - a potion of mutation {unknown}
 d - a potion of heal wounds {unknown}


   Skills:
 - Level 1.7 Dodging
 - Level 1.7 Stealth
 - Level 2.0 Spellcasting
 + Level 4.8 Necromancy


You had 2 spell levels left.
You knew the following spells:

 Your Spells              Type           Power      Damage    Failure   Level
a - Pain                  Necr           68%        1d7       2%          1
b - Animate Skeleton      Necr           34%        N/A       2%          1

Your spell library contained the following spells:

 Spells                   Type           Power      Damage    Failure   Level
 Vampiric Draining        Necr           17%        2d7       9%          3
 Animate Dead             Necr           8%         N/A       28%         4
 Agony                    Necr           17%        N/A       61%         5


Dungeon Overview and Level Annotations

Branches:
Dungeon (1/15)

Altars:


Message History

The jackal bites you.
You see here a +0 dagger.
The jackal bites you.
Casting: Pain (safe; 3% risk of failure)
Confirm with . or Enter, or press ? or * to list all spells.
You attempt to give life to the dead...
Before your eyes, flesh is ripped from the corpse!
The dead are walking!
The jackal barely misses you. The jackal bites you.
Your kobold skeleton hits the jackal.
The jackal bites you.
Casting: Animate Skeleton (safe; 3% risk of failure)
Confirm with . or Enter, or press ? or * to list all spells.
Aiming: Pain (safe; 3% risk of failure)
Press: ? - help, Shift-Dir - straight line, f - jackal
Aim: a jackal (lightly wounded, ally target, chance to affect: 86%)
The jackal writhes in agony.
The jackal barely misses you.
Your kobold skeleton barely misses the jackal.
Casting: Pain (safe; 3% risk of failure)
Confirm with . or Enter, or press ? or * to list all spells.
Aiming: Pain (safe; 3% risk of failure)
Press: ? - help, Shift-Dir - straight line, f/p - jackal
Aim: a jackal (heavily wounded, ally target, chance to affect: 86%)
The jackal writhes in agony.
You kill the jackal!
The jackal bites your kobold skeleton.
Your kobold skeleton closely misses the jackal.
The jackal bites your kobold skeleton. x2
Your kobold skeleton is destroyed!
Casting: Pain (safe; 2% risk of failure)
Confirm with . or Enter, or press ? or * to list all spells.
Aiming: Pain (safe; 2% risk of failure)
Press: ? - help, Shift-Dir - straight line, f - jackal
Aim: a jackal (chance to affect: 87%)
The jackal writhes in agony.
The jackal bites you but does no damage.
The jackal bites you.
* * * LOW HITPOINT WARNING * * *
The jackal bites you but does no damage.
The jackal closely misses you. The jackal bites you.
You die...

#..#.P.P....#..#
♣#..#..P.P...#..#
♣.........P..#..#
♣............#'##
♣......#######..##
♣♣..........#....#
♣..........'...<# ###
♣♣....#######..## ..#
♣...@......#### #.#
♣...h......♣ #.#
♣.........♣♣
#.####........♣♣ #
#.#.##........♣
#.#####.#.##.......♣♣
#....)..#.##......♣♣
.####.####.##..#.♣♣♣
......†....##..###


You could see a jackal.

Vanquished Creatures
  A giant cockroach (D:1)
  A hobgoblin (D:1)
  2 jackals (D:1)
  A kobold (D:1)
5 creatures vanquished.

Notes
Turn   | Place    | Note
-------+----------+-------------------------------------------
     0 | D:1      | Colgate the Demonspawn Necromancer began the quest for the
                  | Orb.
     0 | D:1      | Reached XP level 1. HP: 13/13 MP: 3/3
   491 | D:1      | Learned a level 1 spell: Animate Skeleton
   533 | D:1      | Slain by a jackal

Illustrated notes

Levels and vault maps discovered:
D:1:      sevenhm_arrival_forest_fort_large_4, layout_loops_ring,
          ebering_ecumenical_altar_box, minmay_heptomino_w4

Action                   || total
-------------------------++-------
 Cast: Pain              ||    13
       Animate Skeleton  ||     1
Armor: Robe              ||     7
Dodge: Dodged            ||    16
